 Dungeon Crawl Stone Soup version 0.20-a0-1008-g0de3dc5 (webtiles) character file.

738 roguesci the Sneak (level 7, -11/37 HPs)
             Began as a Vine Stalker Warper on Apr 14, 2017.
             Mangled by an ogre
             ... wielding a +0 giant club
              (18 damage)
             ... on level 5 of the Dungeon.
             The game lasted 01:00:25 (7526 turns).

roguesci the Sneak (Vine Stalker Warper)            Turns: 7526, Time: 01:00:26

Health: -11/37     AC:  4    Str: 14    XL:     7   Next: 75%
Magic:  0/13       EV: 13    Int: 13    God:
Gold:   250        SH:  0    Dex: 15    Spells: 6/13 levels left

rFire    . . .     SeeInvis .   j - -1 long sword (curse)
rCold    . . .     Gourm    .   (no shield)
rNeg     . . .     Faith    .   b - +0 leather armour
rPois    .         Spirit   +   (no helmet)
rElec    .         Reflect  .   h - +0 cloak
rCorr    .         Harm     .   (no gloves)
MR       .....                  (no boots)
Stlth    +++.......             (no amulet)
Regen    0.6/turn               (no ring)
MPRegen  0.2/turn               (no ring)

@: no status effects
A: fangs 2, regeneration 1, magic shield, antimagic bite, no potion heal 3, rot
immunity
a: no special abilities


You were on level 5 of the Dungeon.
You were not hungry.

You visited 1 branch of the dungeon, and saw 6 of its levels.

You collected 250 gold pieces.

Inventory:

Hand Weapons
 j - a cursed -1 long sword (weapon)
 m - a +0 long sword
 q - a +0 hunting sling
 v - a +0 rapier
Missiles
 e - 3 tomahawks of dispersal (quivered)
 i - 48 sling bullets
Armour
 b - a +0 leather armour (worn)
 h - a +0 cloak (worn)
Magical Staves
 a - an uncursed staff of summoning {unknown}
Scrolls
 d - a scroll of recharging
 k - 6 scrolls of identify
 n - a scroll of noise {unknown}
 o - a scroll of fear {unknown}
 u - a scroll of magic mapping
 y - 2 scrolls of teleportation {unknown}
 A - 2 scrolls of fog
 C - a scroll of enchant armour
Potions
 t - a potion of resistance
 x - a potion of heal wounds
Books
 c - a book of Spatial Translocations

   Spells                             Type                      Level
   a - Blink                          Translocation                2
   b - Shroud of Golubria             Charms/Translocation         2
   c - Lesser Beckoning               Translocation                3
   d - Gell's Gravitas                Translocation                3
   e - Teleport Other                 Translocation                3
   f - Passage of Golubria            Translocation                4
Comestibles
 f - 2 bread rations
 g - 3 royal jellies
 s - 4 meat rations


   Skills:
 * Level 4.0 Fighting
 - Level 1.9 Long Blades
 - Level 0.8 Throwing
 - Level 0.8 Armour
 * Level 3.7 Dodging
 * Level 5.0 Stealth
 + Level 3.5 Spellcasting
 + Level 4.2 Translocations


You had 6 spell levels left.
You knew the following spells:

 Your Spells              Type           Power        Failure   Level  Hunger
a - Shroud of Golubria    Chrm/Tloc      #.........   21%         2    ##.....
b - Blink                 Tloc           N/A          10%         2    ##.....
c - Teleport Other        Tloc           ##......     14%         3    ###....


Dungeon Overview and Level Annotations

Branches:
Dungeon (6/15)
 Temple: D:4-7

Altars:
Ashenzari
Dithmenos
Elyvilon
Fedhas
Hepliaklqana
Makhleb
Qazlal
Sif Muna
Vehumet
Xom
Zin

Shops:
D:6 %

Annotations:
D:3 100P's ghost, amateur DsGl
D:5 Kite's ghost, novice MiFi


Innate Abilities, Weirdness & Mutations

You have extremely sharp teeth.
Your natural rate of healing is unusually fast.
When hurt, damage is shared between your health and your magic reserves.
Your bite disrupts and absorbs the magic of your enemies.
Potions cannot restore your health.
You are immune to rotting.


Message History

Casting: Shroud of Golubria
Confirm with . or Enter, or press ? or * to list all spells.
Space distorts slightly along a thin shroud covering your body.
You climb downwards.
The ogre hits you with a giant club!!
Ouch! That really hurt!
Your shroud falls apart!
There is a stone staircase leading up, spattered with blood here.
The ogre hits you with a giant club!!
* * * LOW HITPOINT WARNING * * *
You climb upwards.
Level annotation: Kite's ghost, novice MiFi
There is a stone staircase leading down here.
Casting: Shroud of Golubria
Confirm with . or Enter, or press ? or * to list all spells.
You don't have enough magic to cast that spell.
Things that are here:
a robe; a dagger
There is a stone staircase leading up here.
The ogre hits you with a giant club!!
You die...

### ## #.# ## #. #.#
#.####. ### #.#
#.##.. #.####.#
#....# #######
#.@##..# ##....#
......### #.O....#
##.....# ........##
###.....## ###......#
######...####.....###
#........#
#...........##
##........# #
##..........[#
#.........#
#####......####..##
##.........#
...........# ##..#
##...####....
.......##..##
#.>###...## ###..


You could see an ogre.

Vanquished Creatures
  Prince Ribbit (D:5)
  A hornet zombie (D:6)
  A howler monkey (D:6)
  A bullfrog zombie (D:6)
  A hound (D:6)
  An orc wizard (D:5)
  2 iguanas
  2 worker ants (D:4)
  A howler monkey zombie (D:5)
  A worker ant zombie (D:6)
  13 adders
  An ooze (D:1)
  An adder skeleton (D:5)
  3 adder zombies
  2 worms
  2 dart slugs (D:2)
  2 leopard geckos
  9 orcs
  3 giant cockroaches
  9 goblins
  3 hobgoblins
  A jackal (D:3)
  A quokka (D:4)
  2 bats
  7 frilled lizards
  6 kobolds
  A leopard gecko skeleton (D:5)
  A quokka skeleton (D:6)
  7 rats
  2 bushes (D:2)
  2 plants (D:2)
90 creatures vanquished.

Vanquished Creatures (others)
  2 plants (D:2)
2 creatures vanquished.

Grand Total: 92 creatures vanquished

Notes
Turn   | Place    | Note
-------+----------+-------------------------------------------
     0 | D:1      | roguesci the Vine Stalker Warper began the quest for the Orb.
     0 | D:1      | Reached XP level 1. HP: 11/11 MP: 4/4
   521 | D:1      | Reached XP level 2. HP: 15/15 MP: 4/6
   544 | D:1      | Learned a level 2 spell: Shroud of Golubria
   547 | D:1      | Learned a level 2 spell: Blink
  1143 | D:2      | Reached XP level 3. HP: 14/18 MP: 3/7
  1572 | D:2      | Reached skill level 1 in Stealth
  1800 | D:2      | Learned a level 3 spell: Teleport Other
  1830 | D:2      | Reached skill level 2 in Stealth
  1852 | D:2      | Gained mutation: Your natural rate of healing is unusually fast. [Vine Stalker growth]
  1852 | D:2      | Reached XP level 4. HP: 23/23 MP: 5/9
  2951 | D:3      | Reached XP level 5. HP: 27/28 MP: 8/10
  4062 | D:3      | Noticed 100P's ghost (amateur DsGl)
  4703 | D:4      | Reached skill level 3 in Stealth
  4930 | D:5      | Entered Level 5 of the Dungeon
  4963 | D:4      | Reached XP level 6. HP: 24/32 MP: 7/11
  5169 | D:5      | Noticed Kite's ghost (novice MiFi)
  5687 | D:5      | Found a blossoming altar of Fedhas.
  6176 | D:5      | Noticed Prince Ribbit
  6346 | D:5      | Found a glowing silver altar of Zin.
  6379 | D:5      | Killed Prince Ribbit
  6379 | D:5      | Reached skill level 4 in Stealth
  6379 | D:5      | Reached XP level 7. HP: 24/36 MP: 11/13
  6862 | D:6      | Found a hazy altar of Hepliaklqana.
  6863 | D:6      | Found a radiant altar of Vehumet.
  6863 | D:6      | Found a white marble altar of Elyvilon.
  6863 | D:6      | Found a shimmering altar of Xom.
  6863 | D:6      | Found a burning altar of Makhleb.
  6864 | D:6      | Found a deep blue altar of Sif Muna.
  6865 | D:6      | Found a stormy altar of Qazlal.
  6867 | D:6      | Found a shattered altar of Ashenzari.
  6868 | D:6      | Found a shadowy altar of Dithmenos.
  7261 | D:6      | Found Ynym's Food Shoppe.
  7312 | D:6      | Reached skill level 5 in Stealth
  7516 | D:6      | HP: 1/37 [ogre/giant club (17)]
  7526 | D:5      | Mangled by an ogre

Vault maps used:
D:1:      kennysheep_arrival_forest, solitary_fountain
D:2:      first_bread, serial_forest, infiniplex_forest_straight_4,
          infiniplex_forest_pool, infiniplex_forest_lined_4_way,
          infiniplex_forest_straight_4, infiniplex_forest_lined_room_,
          infiniplex_forest_clump_large, infiniplex_forest_straight_3,
          infiniplex_forest_lined_2, infiniplex_forest_corner_1
D:3:      kennysheep_six_static_rooms
D:4:      minmay_distorted
D:5:      kennysheep_mini_moat, fedhas_altar_2, uniq_prince_ribbit1
D:6:      kennysheep_little_box, minitemple, serial_undead, serial_undead_f,
          serial_undead_c, serial_undead_b, serial_undead_e, serial_shops,
          kennysheep_mini, uniq_menkaure

Skill      XL: |  1  2  3  4  5  6  7 |
---------------+----------------------+-----
Fighting       | 2 3 4 |  4.0
Dodging        | 2 3 |  3.7
Stealth        | 2 3 4 5 |  5.0
Spellcasting   | 3 |  3.5
Translocations | 4 |  4.2
Long Blades    | |  1.9
Throwing       | |  0.8
Armour         | |  0.8

Action                   |  1- 3 |  4- 6 |  7- 9 || total
-------------------------+-------+-------+-------++-------
Melee: Falchion          |   334 |   277 |       ||   611
       Bite              |   175 |   150 |    32 ||   357
       Rapier            |       |    52 |       ||    52
       Long sword        |       |    21 |    60 ||    81
 Fire: Hunting sling     |       |    44 |       ||    44
Throw: Tomahawk          |     1 |     1 |       ||     2
       Stone             |    91 |    65 |       ||   156
 Cast: Shroud of Golubri |     3 |    24 |    12 ||    39
       Teleport Other    |       |     5 |       ||     5
       Blink             |       |     5 |     2 ||     7
  Use: Scroll            |     5 |     6 |       ||    11
       Potion            |       |    12 |     2 ||    14
 Stab: Sleeping          |       |     2 |     1 ||     3
  Eat: Bread ration      |     1 |     1 |       ||     2
       Chunk             |       |     9 |     1 ||    10
       Fruit             |       |     5 |       ||     5
       Royal jelly       |       |     2 |       ||     2
Armor: Leather armour    |     7 |    33 |    11 ||    51
Dodge: Dodged            |    25 |   119 |    59 ||   203
       Rpst.: Falchion   |     6 |    20 |       ||    26
       Long sword        |       |     6 |    19 ||    25
